 Dungeon Crawl Stone Soup version 0.30-a0-883-g5ad918d77d (webtiles) character file.

Game seed: 5277696756464047048

4280 avis the Grappler (level 10, -12/77 (83) HPs)
             Began as a Hill Orc Transmuter on Mar 15, 2023.
             Was a Follower of Beogh.
             Mangled by a fire elemental (13 damage)
             ... summoned by a deep elf pyromancer
             ... on level 9 of the Dungeon.
             The game lasted 01:06:30 (8764 turns).

avis the Grappler (Hill Orc Transmuter)             Turns: 8764, Time: 01:06:36

HP:   -12/77 (83)   AC:  2    Str: 22    XL:     10   Next: 32%
MP:   14/16         EV: 21    Int: 15    God:    Beogh [*.....]
Gold: 609           SH:  0    Dex: 16    Spells: 7/17 levels left

rFire   . . .      SeeInvis .      - Unarmed
rCold   + + .      Faith    .    (shield currently unavailable)
rNeg    . . .      Spirit   .    R - melded +0 swamp dragon scales
rPois   .          Reflect  .    (helmet currently unavailable)
rElec   +          Rampage  .    (cloak currently unavailable)
rCorr   +                        q - melded +2 pair of gloves
Will    .....                    z - melded +1 pair of boots
Stlth   +                        d - amulet of regeneration
HPRegen 1.12/turn                f - +6 ring of strength
MPRegen 0.15/turn                s - ring of ice

@: on fire, spider-form (expiring), resistant, glowing, drained
A: venomous fangs, tiny
a: End Transformation, Renounce Religion


You were on level 9 of the Dungeon.
You worshipped Beogh.
Beogh was aware of your devotion.
You were a venomous arachnid creature.
You visited 2 branches of the dungeon, and saw 10 of its levels.

You collected 609 gold pieces.

Inventory:

Hand Weapons
 w - a +0 short sword of venom
Missiles
 J - 7 poisoned darts
 O - 3 throwing nets
Armour
 q - a +2 pair of gloves (melded)
 z - a +1 pair of boots (melded)
 R - +0 swamp dragon scales (melded)
Jewellery
 d - an amulet of regeneration (around neck)
 f - a +6 ring of strength (left front pincers)
 m - a ring of poison resistance
 s - a ring of ice (right front pincers)
 G - a ring of fire
Wands
 k - a wand of light (18)
 p - a wand of polymorph (7)
 A - a wand of flame (15)
 H - a wand of digging (7)
 P - a wand of paralysis (2)
Scrolls
 c - a scroll of blinking {unknown}
 h - 2 scrolls of poison {unknown}
 i - a scroll of torment {unknown}
 v - a scroll of noise {unknown}
 x - a scroll of magic mapping {unknown}
 y - a scroll of immolation {unknown}
 D - a scroll of enchant armour {unknown}
 E - a scroll of brand weapon {unknown}
 S - a scroll of vulnerability {unknown}
Potions
 e - 2 potions of might
 j - a potion of invisibility {unknown}
 n - a potion of berserk rage {unknown}
 t - 4 potions of brilliance
 u - a potion of mutation {unknown}
 B - a potion of ambrosia {unknown}
 F - 7 potions of curing
 V - a potion of heal wounds
 W - a potion of flight {unknown}


   Skills:
 - Level 6.0 Fighting
 * Level 3.8 Dodging
 - Level 3.0 Stealth
 - Level 10.0 Unarmed Combat
 - Level 4.0 Spellcasting
 - Level 4.0 Transmutations
 - Level 4.0 Ice Magic
 - Level 1.0 Poison Magic
 - Level 5.0 Invocations


You had 7 spell levels left.
You knew the following spells:

 Your Spells              Type           Power      Damage    Failure   Level
a - Beastly Appendage     Tmut           30%        N/A       12%         1
e - Wereblood             Tmut           15%        N/A       16%         2
p - Spider Form           Tmut/Pois      10%        N/A       38%         3
q - Ice Form              Ice/Tmut       22%        N/A       56%         4

Your spell library contained the following spells:

 Spells                   Type           Power      Damage    Failure   Level
 Hailstorm                Conj/Ice       13%        3d5       45%         3
 Lesser Beckoning         Tloc           6%         N/A       47%         2
 Gell's Gravitas          Tloc           3%         N/A       69%         3
 Teleport Other           Tloc           3%         N/A       69%         3
 Passage of Golubria      Tloc           3%         N/A       96%         4
 Silence                  Hex/Air        1%         N/A       100%        5
 Simulacrum               Ice/Necr       6%         N/A       100%        6
 Lehudib's Crystal Spear  Conj/Erth      1%         10d2      100%        8


Dungeon Overview and Level Annotations

Branches:
Dungeon (9/15)             Temple (1/1) D:6
   Lair: D:8-11         Orc: D:9-12

Altars:
Ashenzari
Elyvilon
Kikubaaqudgha
Makhleb
Nemelex Xobeh
Okawaru
Qazlal
Ru
Sif Muna
Vehumet
Yredelemnul
The Shining One

Annotations:
D:5 2 transporters, Allyalt's ghost, novice SpBe
D:8 1 runed translucent door, ooooo's ghost, novice DsCj


Message History

You turn into a venomous arachnid creature.
Your +2 pair of gloves melds into your body.
Your +1 pair of boots melds into your body.
Your +0 swamp dragon scales melds into your body.
Found four items.
The deep elf pyromancer casts a spell.
Found a ring of ice, a book of Vapours and a scroll labelled RARALL ESOTEOB.
Found three items.
You hit the deep elf pyromancer but do no damage.
The deep elf pyromancer hits you with a +0 rapier.
You hit the deep elf pyromancer.
The deep elf pyromancer is poisoned.
The deep elf pyromancer is lightly wounded.
The fire elemental hits you. The fire elemental burns you!
The fire burns you terribly!
The deep elf pyromancer hits you with a +0 rapier.
You hit the deep elf pyromancer.
The deep elf pyromancer looks as sick as possible!
The deep elf pyromancer is moderately wounded.
The fire elemental barely misses you.
The deep elf pyromancer gestures at you while chanting.
The sticky flame hits you! The fire burns you terribly!
You are covered in liquid flames!
You bite the deep elf pyromancer!
The deep elf pyromancer looks as sick as possible!
The deep elf pyromancer is heavily wounded.
You are covered in liquid flames!
Your transformation is almost over.
The fire elemental hits you. The fire elemental burns you!
The fire burns you terribly!
The deep elf pyromancer gestures at you while chanting.
The sticky flame hits you! The fire burns you terribly!
You are covered in liquid flames!
* * * LOW HITPOINT WARNING * * *
You feel protected.
You are covered in liquid flames!
* * * LOW HITPOINT WARNING * * *
The fire elemental hits you. The fire elemental burns you!
* * * LOW HITPOINT WARNING * * *
The fire elemental hits you. The fire elemental burns you!
You die...

###+#####
#.......#
#....<.>#
#.[...>.#
+.......#
#.......#
#.......##
#.s.......#
#Ee.....#.#
...°.......#
##..°.......#
#..#####...#
#..#?[?#..)#
#..#=:?#...#
#..#?$!#...


You could see a deep elf pyromancer (extremely poisoned) and a fire elemental
(summoned).

Vanquished Creatures
  Maggie (D:8)
  2 kobold demonologists (D:8)
  A hornet (D:7)
  2 wyverns (D:8)
  4 steam dragons
  Menkaure (D:7)
  An ice beast (D:7)
  3 sky beasts
  An orc warrior (D:8)
  5 bullfrogs
  A scorpion (D:7)
  A gnoll sergeant (D:8)
  10 wights (D:8)
  2 howler monkeys
  A hound (D:4)
  An orc priest (D:7)
  3 gnoll boudas
  An iguana (D:7)
  3 iron imps (D:3)
  A sleepcap (D:6)
  9 orc wizards
  10 gnolls
  7 adders
  2 ufetubi (D:5)
  2 worms (D:2)
  4 dart slugs
  22 orcs
  3 bats
  10 endoplasms
  3 giant cockroaches
  6 goblins
  12 hobgoblins
  10 jackals
  11 kobolds
  4 quokkas
  9 ball pythons
  3 frilled lizards
  10 rats
182 creatures vanquished.

Vanquished Creatures (others)
  3 fungi (D:8)
  7 plants (D:5)
10 creatures vanquished.

Grand Total: 192 creatures vanquished

Notes
Turn   | Place    | Note
-------+----------+-------------------------------------------
     0 | D:1      | avis the Hill Orc Transmuter began the quest for the Orb.
     0 | D:1      | Reached XP level 1. HP: 16/16 MP: 3/3
   138 | D:1      | Reached XP level 2. HP: 25/25 MP: 2/4
   300 | D:1      | You fall into a shaft and drop 1 floor!
   516 | D:1      | Reached XP level 3. HP: 31/31 MP: 3/5
   703 | D:1      | Reached skill level 4 in Unarmed Combat
  1048 | D:2      | Learned a level 2 spell: Wereblood
  1616 | D:2      | Reached XP level 4. HP: 38/38 MP: 6/6
  1828 | D:2      | Learned a level 3 spell: Spider Form
  2200 | D:3      | Found a burning altar of Makhleb.
  2225 | D:3      | Reached skill level 5 in Unarmed Combat
  2419 | D:3      | Found a sacrificial altar of Ru.
  2450 | D:3      | Reached XP level 5. HP: 45/45 MP: 5/7
  2496 | D:3      | Reached skill level 6 in Unarmed Combat
  2644 | D:3      | Reached skill level 1 in Stealth
  3198 | D:3      | Reached XP level 6. HP: 49/51 MP: 6/8
  3928 | D:4      | Found a radiant altar of Vehumet.
  4098 | D:4      | Reached skill level 1 in Poison Magic
  4225 | D:5      | Entered Level 5 of the Dungeon
  4447 | D:4      | Reached XP level 7. HP: 37/57 MP: 7/10
  4475 | D:4      | Learned a level 4 spell: Ice Form
  4658 | D:5      | Found a transporter.
  4662 | D:5      | Noticed Allyalt's ghost (novice SpBe)
  4701 | D:5      | Found a transporter.
  5134 | D:5      | Became a worshipper of Beogh the Brigand
  5423 | D:6      | Reached skill level 5 in Fighting
  5485 | D:6      | Identified the +1 ring mail "Yfe Seps" {rPois}
  5583 | D:6      | Found a staircase to the Ecumenical Temple.
  5590 | Temple   | Entered the Ecumenical Temple
  6075 | D:7      | Noticed a steam dragon
  6079 | D:7      | Found a white marble altar of Elyvilon.
  6090 | D:7      | Killed a steam dragon
  6091 | D:7      | Reached skill level 7 in Unarmed Combat
  6091 | D:7      | Reached XP level 8. HP: 51/68 MP: 11/11
  6111 | D:7      | Reached skill level 8 in Unarmed Combat
  6519 | D:7      | Found a glowing golden altar of the Shining One.
  6565 | D:7      | Noticed Menkaure
  6608 | D:7      | Killed Menkaure
  7432 | D:7      | HP: 3/68 [something (8)]
  7666 | D:8      | Noticed a kobold demonologist
  7666 | D:8      | Noticed a kobold demonologist
  7666 | D:8      | Noticed a hornet
  7668 | D:8      | Noticed a sun demon
  7673 | D:7      | Killed a hornet
  7783 | D:8      | Noticed a wyvern
  7791 | D:8      | Killed a wyvern
  7792 | D:8      | Reached XP level 9. HP: 69/74 MP: 10/13
  7795 | D:8      | Reached skill level 5 in Invocations
  7795 | D:8      | Reached skill level 1 in Ice Magic
  7938 | D:8      | Noticed Maggie
  7948 | D:8      | Paralysed by something for 5 turns
  7953 | D:8      | Noticed ooooo's ghost (novice DsCj)
  7994 | D:8      | Found an ancient bone altar of Kikubaaqudgha.
  8015 | D:8      | HP: 2/74 [gnoll sergeant/+0 spear (10)]
  8018 | D:8      | Reached * piety under Beogh
  8282 | D:8      | Killed a kobold demonologist
  8283 | D:8      | Reached skill level 9 in Unarmed Combat
  8283 | D:8      | Reached XP level 10. HP: 83/83 MP: 16/16
  8284 | D:8      | Noticed a soul eater
  8286 | D:8      | Killed a kobold demonologist
  8293 | D:8      | Killed Maggie
  8294 | D:8      | Reached skill level 10 in Unarmed Combat
  8301 | D:8      | Paralysed by something for 2 turns
  8358 | D:8      | Found a runed translucent door.
  8661 | Temple   | Upgraded the game from 0.30-a0-881-g1ff12e1e11 to
                  | 0.30-a0-883-g5ad918d77d
  8755 | D:9      | Noticed a deep elf pyromancer
  8764 | D:9      | HP: 1/77 [fire elemental[a deep elf pyromancer] (14)]
  8764 | D:9      | Mangled by a fire elemental

Illustrated notes

Levels and vault maps discovered:
D:1:      lightli_arrival_statue_moat, layout_loops_cross
D:2:      layout_loops_corners, kennysheep_generic_room_6
D:3:      layout_basic, nicolae_ru_awakened_eye, demons_altar
D:4:      layout_gridville, kennysheep_little_box
D:5:      layout_gridville, gammafunk_ghost_stat_death, nicolae_grassy_gnolls
D:6:      layout_basic, minmay_temple_entry_slanted
D:7:      lemuel_ice_spiral_2, layout_basic, nicolae_tso_swordbearing_angel,
          lemuel_tele_altar, serial_rivers, chequers_serial_rivers_micro_a,
          chequers_serial_rivers_small_b, chequers_serial_rivers_small_a,
          chequers_serial_rivers_large_a, chequers_serial_rivers_micro_a,
          chequers_serial_rivers_small_3, uniq_menkaure
D:8:      layout_rooms, mainiacjoe_overflow_chevrons,
          hellmonk_ghost_happy_afterlife, hangedman_misty_isle, uniq_maggie
D:9:      layout_roguey, dk_noncrumbling_2, due_unseen_surprise
Temple:   nicolae_temple_two_arcs

Skill      XL: |  1  2  3  4  5  6  7  8  9 10 |
---------------+-------------------------------+-----
Fighting       | 2 3 5 6 |  6.0
Unarmed Combat | 4 5 6 7 8 9 10 | 10.0
Dodging        | 2 3 |  3.8
Stealth        | 2 3 |  3.0
Spellcasting   | 2 3 4 |  4.0
Transmutations | 2 3 4 |  4.0
Poison Magic   | 1 |  1.0
Invocations    | 4 5 |  5.0
Ice Magic      | 4 |  4.0

Action                     |  1- 3 |  4- 6 |  7- 9 | 10-12 || total
---------------------------+-------+-------+-------+-------++-------
  Melee: Unarmed           |    89 |   161 |   211 |    39 ||   500
         Kick              |    14 |    38 |     6 |       ||    58
         Headbutt          |    13 |    14 |    11 |       ||    38
         Punch             |     1 |     2 |     1 |       ||     4
   Cast: Beastly Appendage |    28 |    48 |    14 |       ||    90
         Spider Form       |       |     1 |    18 |     1 ||    20
         Ice Form          |       |       |     3 |     2 ||     5
 Invoke: Convert to Beogh  |       |       |     1 |       ||     1
    Use: Potion            |       |     1 |     5 |     1 ||     7
         Scroll            |       |       |     7 |       ||     7
   Stab: Sleeping          |     3 |     1 |     1 |       ||     5
 Armour: Robe              |     8 |    32 |    26 |       ||    66
         Skin              |       |     3 |    18 |    13 ||    34
  Dodge: Dodged            |    46 |    74 |   161 |    15 ||   296

Table legend: (Time is in decaauts)
 A = Elapsed time spent in this place.
 B = Non-inter-level travel time spent in this place.
 C = Inter-level travel time spent in this place.
 D = Time resting spent in this place.
 E = Time spent auto-exploring this place.
 F = Levels seen in this place.
 G = Mean time per level.
                   A        B        C        D        E       F      G
               +--------+--------+--------+--------+--------+-----+--------+
         Total |   8756 |   7370 |   1386 |    963 |   3849 |  10 |  875.6 |
       Dungeon |   8695 |   7312 |   1383 |    963 |   3849 |   9 |  966.1 |
        Temple |     61 |     58 |      3 |      0 |      0 |   1 |   61.0 |
               +--------+--------+--------+--------+--------+-----+--------+

Top non-repeatable levels by time:
     D:7: 1958 daAuts
     D:2: 1364 daAuts
     D:4: 1146 daAuts
     D:3: 1119 daAuts
     D:1: 874 daAuts
     D:5: 849 daAuts
     D:8: 692 daAuts
     D:6: 674 daAuts
  Temple: 61 daAuts
     D:9: 15 daAuts
